 Dungeon Crawl Stone Soup version 0.17.1-1-g73c8601 (webtiles) character file.

370 Mysteryquy the Cleaver (level 6, -18/51 HPs)
             Began as a Minotaur Fighter on Jan 7, 2016.
             Demolished by an ogre
             ... wielding a +0 giant club
              (25 damage)
             ... on level 4 of the Dungeon.
             The game lasted 00:05:21 (3114 turns).

Mysteryquy the Cleaver (Minotaur Fighter)           Turns: 3114, Time: 00:05:21

Health: -18/51     AC:  8    Str: 22    XL:     6   Next: 42%
Magic:  5/5        EV:  7    Int:  5    God:
Gold:   177        SH:  9    Dex: 10    Spells: 0 memorised, 5 levels left

rFire  . . .     SeeInvis .     a - +0 war axe
rCold  . . .     Clarity  .     b - +0 scale mail
rNeg   . . .     SustAt   .     c - +0 shield
rPois  .         Gourm    .     (helmet restricted)
rElec  .         Spirit   .     (no cloak)
rCorr  .         Warding  .     h - +0 pair of gloves
rMut   .         Stasis   .     (no boots)
MR     .....                    (no amulet)
Stlth  ..........               (no ring)
                                (no ring)

@: not resistant to hostile enchantments, extremely unstealthy
A: retaliatory headbutt, horns 2
a: no special abilities


You were on level 4 of the Dungeon.
You were not hungry.

You visited 1 branch of the dungeon, and saw 5 of its levels.

You collected 177 gold pieces.

Inventory:

Hand Weapons
 a - a +0 war axe (weapon)
Armour
 b - a +0 scale mail (worn)
 c - a +0 shield (worn)
 e - a +0 plate armour
 h - a +0 pair of gloves (worn)
Scrolls
 i - 5 scrolls of identify {unknown}
 j - 4 scrolls of remove curse {unknown}
 k - 3 scrolls of magic mapping {unknown}
 l - a scroll of noise {unknown}
 s - a scroll of enchant weapon {unknown}
Potions
 d - a potion of haste {unknown}
 f - a potion of resistance {unknown}
 m - 4 potions of curing {unknown}
 q - 2 potions of might
Comestibles
 g - a meat ration
 n - 2 slices of pizza
 p - 3 fruits
 r - 2 bread rations


   Skills:
 - Level 3.6 Fighting
 + Level 8.3 Axes
 - Level 3.6 Armour
 - Level 3.6 Shields


You had 5 spell levels left.
You didn't know any spells.

Dungeon Overview and Level Annotations

Branches:
Dungeon (5/15)
 Temple: D:4-7

Altars:
Elyvilon
Trog

Shops:
D:5 %


Innate Abilities, Weirdness & Mutations

You reflexively headbutt those who attack you in melee.
You have a pair of horns on your head.


Message History

No target in view!
An ogre comes into view. It is wielding a giant club.
Found a scroll labeled IFUDGHO BOKOSO.
An ogre is nearby!
An ogre is nearby!
The ogre hits you with a giant club!!
You hit the ogre.
The ogre is lightly wounded.
Your scale mail prevents you from hitting the ogre.
The ogre is lightly wounded.
The ogre hits you with a giant club!
You slash the ogre!
The ogre is heavily wounded.
The ogre hits you with a giant club!!
* * * LOW HITPOINT WARNING * * *
You are too injured to fight recklessly!
You slash the ogre!
The ogre is almost dead.
The ogre hits you with a giant club!!
You die...

#. .#. #. #.# #.
#.# #. #.# #
#.##.##
####.#.....######
.................
#..O@...#
#.?####.# #. #.#
# ##.## ##...##
..##....<###.#
.............#
##.##...........#
## #
#.....#######


You could see an ogre.

Vanquished Creatures
  An ogre (D:4)
  An orc priest (D:3)
  10 adders
  7 gnolls
  6 worms
  9 orcs (D:3)
  A ball python (D:3)
  8 bats
  10 hobgoblins
  7 jackals
  2 giant cockroaches (D:1)
  A giant gecko (D:3)
  8 giant newts
  8 goblins
  A jackal skeleton (D:4)
  6 kobolds
  10 rats
96 creatures vanquished.

Notes
Turn   | Place    | Note
--------------------------------------------------------------
     0 | D:1      | Mysteryquy the Minotaur Fighter began the quest for the Orb.
     0 | D:1      | Reached XP level 1. HP: 19/19 MP: 0/0
   141 | D:1      | Reached XP level 2. HP: 17/26 MP: 1/1
   632 | D:1      | Reached skill level 4 in Axes
   859 | D:2      | Reached XP level 3. HP: 25/31 MP: 2/2
   917 | D:2      | Reached skill level 5 in Axes
   924 | D:2      | Reached XP level 4. HP: 12/39 MP: 3/3
  1238 | D:2      | Found a white marble altar of Elyvilon.
  1292 | D:2      | You fall through a shaft!
  1395 | D:3      | You fall through a shaft for 2 floors!
  1395 | D:5      | Entered Level 5 of the Dungeon
  1402 | D:5      | Found Nanew's Food Emporium.
  1402 | D:5      | Noticed a hungry ghost
  1443 | D:4      | Noticed an ogre
  1449 | D:4      | Killed an ogre
  1449 | D:4      | Reached skill level 6 in Axes
  1449 | D:4      | Reached XP level 5. HP: 35/45 MP: 4/4
  1699 | D:3      | Reached skill level 7 in Axes
  2002 | D:2      | Found a bloodstained altar of Trog.
  2200 | D:3      | Reached XP level 6. HP: 46/51 MP: 5/5
  2369 | D:3      | Reached skill level 8 in Axes
  3108 | D:4      | Noticed an ogre
  3114 | D:4      | Demolished by an ogre

Action                   |  1- 3 |  4- 6 || total
-------------------------+-------+-------++-------
Melee: War axe           |    68 |   186 ||   254
  Use: Potion            |     1 |       ||     1
  Eat: Chunk             |       |     7 ||     7
       Bread ration      |       |     1 ||     1
